 Dungeon Crawl Stone Soup version 0.29.0-4-gdea44cf6ec (webtiles) character file.

Game seed: 10144043782756295093

135 qw the Chopper (level 5, -1/30 HPs)
             Began as a Tengu Warper on Aug 28, 2022.
             Slain by an orc
             ... wielding a +0 short sword
              (3 damage)
             ... on level 3 of the Dungeon.
             The game lasted 00:00:16 (2508 turns).

qw the Chopper (Tengu Warper)                       Turns: 2508, Time: 00:00:17

Health: -1/30      AC:  6    Str: 13    XL:     5   Next: 18%
Magic:  9/9        EV: 11    Int: 14    God:
Gold:   131        SH:  0    Dex: 19    Spells: 8/8 levels left

rFire   . . .      SeeInvis .   Y - +0 war axe
rCold   . . .      Faith    .   (no shield)
rNeg    . . .      Spirit   .   d - +0 scale mail
rPois   .          Reflect  .   (helmet restricted)
rElec   .          Harm     .   (no cloak)
rCorr   .          Rampage  .   (no gloves)
Will    .....                   (boots unavailable)
Stlth   ..........              (no amulet)
HPRegen 0.10/turn               c - +6 ring of dexterity
MPRegen 0.11/turn               (no ring)

@: about to teleport, flying quickly and evasively, quick
A: beak, talons 3, nimble flight
a: no special abilities


You were on level 3 of the Dungeon.
You visited 1 branch of the dungeon, and saw 3 of its levels.

You collected 131 gold pieces.


Innate Abilities, Weirdness & Mutations

You have a beak for a mouth.
You have claws for feet.
Your magical nature lets you fly swiftly and evasively.


   Skills:
 - Level 2.0 Fighting
 + Level 5.7 Axes
 - Level 1.0 Throwing
 - Level 1.1 Armour
 - Level 2.1 Dodging
 - Level 2.0 Spellcasting
 - Level 2.4 Translocations


You had 8 spell levels left.
You didn't know any spells.
Your spell library contained the following spells:

 Spells                   Type           Power      Damage    Failure   Level
 Blink                    Tloc           16%        N/A       54%         2
 Gell's Gravitas          Tloc           8%         N/A       78%         3
 Lesser Beckoning         Tloc           8%         N/A       78%         3
 Teleport Other           Tloc           8%         N/A       78%         3
 Manifold Assault         Tloc           8%         N/A       100%        5

Inventory:

Hand Weapons
 e - a +0 whip
 Y - a +0 war axe (weapon)
Armour
 d - a +0 scale mail (worn)
Jewellery
 c - a +6 ring of dexterity (left hand)
Potions
 a - a potion of might {unknown}
 j - a potion of curing

Dungeon Overview and Level Annotations

Branches:
Dungeon (3/15)

Altars:
Gozag
Trog


Message History

Your peck misses the orc priest.
The orc priest is heavily wounded.
The orc priest closely misses you.
You closely miss the orc priest.
The orc priest is heavily wounded.
The orc priest mumbles some strange prayers to Beogh against you.
You barely resist. You completely miss the orc priest.
Your kick misses the orc priest.
You peck the orc priest, but do no damage.
The orc priest is heavily wounded.
The orc priest barely misses you. x2
You slash the orc priest!
You peck the orc priest, but do no damage.
The orc priest is almost dead.
The orc priest mumbles some strange prayers to Beogh against you.
Beogh smites you!
2502 ||| READING 2 scrolls of teleportation.
As you read the scroll of teleportation, it crumbles to dust.
You feel strangely unstable.
The orc priest hits you but does no damage.
You hit the orc priest but do no damage.
You claw the orc priest, but do no damage.
The orc priest is almost dead.
The orc priest hits you but does no damage.
You hit the orc priest but do no damage.
You peck the orc priest.
You kill the orc priest!
You have reached level 5!
Your magical nature develops, letting you fly swiftly and evasively.
You start resting.
Your surroundings suddenly seem different.
2506 ||| READING scroll of teleportation.
As you read the scroll of teleportation, it crumbles to dust.
You feel strangely unstable.
You closely miss the orc. Your kick misses the orc.
The orc hits you but does no damage.
You hit the orc.
The orc is heavily wounded.
The orc hits you with a +0 short sword.
You die...

## . #. #.####+###
##........# #..o@#
#....# #....#
#....# .....
#....#............
.
#....#........K.o.
.# +....+........
.. #.
#....#....... .##.
#.....K #...


You could see an orc.

Vanquished Creatures
  An orc priest (D:3)
  An orc wizard (D:3)
  An adder (D:2)
  3 dart slugs
  3 orcs (D:3)
  5 ball pythons
  4 bats
  3 endoplasms
  3 giant cockroaches
  4 goblins
  8 hobgoblins
  4 jackals (D:1)
  A quokka (D:3)
  6 frilled lizards
  6 kobolds
  8 rats
61 creatures vanquished.

Vanquished Creatures (others)
  7 demonic plants (D:3)
  6 withered plants (D:3)
13 creatures vanquished.

Grand Total: 74 creatures vanquished

Notes
Turn   | Place    | Note
-------+----------+-------------------------------------------
     0 | D:1      | qw the Tengu Warper began the quest for the Orb.
     0 | D:1      | Reached XP level 1. HP: 12/12 MP: 4/4
     0 | D:1      | 0 ||| qw: Version: 0.1-a-89-g26bdef1
     0 | D:1      | 0 ||| qw: Game counter: 168
     0 | D:1      | 0 ||| qw: Always use a shield: true
     0 | D:1      | 0 ||| qw: God list: Okawaru
     0 | D:1      | 0 ||| qw: Allow faded altars: false
     0 | D:1      | 0 ||| qw: Do Orc after D:15 true
     0 | D:1      | 0 ||| qw: Do second Lair branch before Depths: true
     0 | D:1      | 0 ||| qw: Lair rune preference: random
     0 | D:1      | 0 ||| qw: Plans: Normal
     0 | D:1      | 0 ||| PLANNING D:1-11
   126 | D:1      | Reached skill level 3 in Axes
   126 | D:1      | Reached XP level 2. HP: 8/17 MP: 6/6
   294 | D:1      | 294 ||| DROPPING +0 club.
   370 | D:1      | 370 ||| Stepping ~*~*~tactically~*~*~ (hiding).
   383 | D:1      | 383 ||| Stepping ~*~*~tactically~*~*~ (stealth).
   390 | D:1      | 390 ||| Stepping ~*~*~tactically~*~*~ (stealth).
   394 | D:1      | 394 ||| Stepping ~*~*~tactically~*~*~ (stealth).
   405 | D:1      | Reached XP level 3. HP: 17/21 MP: 7/7
   407 | D:1      | 407 ||| Stepping ~*~*~tactically~*~*~ (stealth).
   544 | D:1      | Reached skill level 4 in Axes
   547 | D:1      | 547 ||| Stepping ~*~*~tactically~*~*~ (stealth).
  1080 | D:1      | 1080 ||| UPGRADING to +0 scale mail.
  1090 | D:1      | 1090 ||| DROPPING +0 leather armour.
  1091 | D:1      | 1091 ||| READING scroll labelled NELACWO PUNEFI.
  1092 | D:1      | 1092 ||| READING scroll labelled JIASMA SEAXT.
  1095 | D:1      | 1095 ||| READING scroll labelled UKHYAN BYSTEDE.
  1096 | D:1      | 1096 ||| DRINKING 2 glowing brown potions.
  1097 | D:1      | 1097 ||| DROPPING scroll of blinking.
  1233 | D:2      | 1233 ||| SWAPPING to +0 war axe.
  1242 | D:2      | 1242 ||| DROPPING +0 hand axe.
  1426 | D:2      | Reached XP level 4. HP: 26/26 MP: 8/8
  1916 | D:2      | 1916 ||| READING scroll labelled HIEH RESUFUI.
  1917 | D:2      | 1917 ||| READING scroll labelled MIETYRREHA.
  1918 | D:2      | 1918 ||| READING scroll labelled UTIATS ABBOR.
  1919 | D:2      | 1919 ||| READING scroll labelled MEEKEE POXKAINT.
  2020 | D:2      | 2020 ||| DRINKING 2 puce potions.
  2021 | D:2      | 2021 ||| DROPPING potion of attraction.
  2067 | D:3      | Found an opulent altar of Gozag.
  2067 | D:3      | Found a bloodstained altar of Trog.
  2284 | D:3      | 2284 ||| Stepping ~*~*~tactically~*~*~ (hiding).
  2286 | D:3      | 2286 ||| Stepping ~*~*~tactically~*~*~ (hiding).
  2293 | D:3      | Reached skill level 5 in Axes
  2293 | D:3      | 2293 ||| Stepping ~*~*~tactically~*~*~ (stealth).
  2296 | D:3      | 2296 ||| FLEEEEING.
  2297 | D:3      | 2297 ||| FLEEEEING.
  2298 | D:3      | 2298 ||| FLEEEEING.
  2299 | D:3      | 2299 ||| FLEEEEING.
  2300 | D:3      | 2300 ||| FLEEEEING.
  2301 | D:3      | 2301 ||| FLEEEEING.
  2302 | D:3      | 2302 ||| FLEEEEING.
  2303 | D:3      | 2303 ||| FLEEEEING.
  2304 | D:3      | 2304 ||| FLEEEEING.
  2305 | D:3      | 2305 ||| FLEEEEING.
  2306 | D:3      | 2306 ||| STAIRDANCE
  2368 | D:2      | 2368 ||| UPGRADING to +6 ring of dexterity.
  2373 | D:3      | 2373 ||| STAIRDANCE
  2430 | D:3      | Found a faded altar of an unknown god.
  2433 | D:3      | 2433 ||| Stepping ~*~*~tactically~*~*~ (hiding).
  2434 | D:3      | 2434 ||| FLEEEEING.
  2441 | D:3      | 2441 ||| FLEEEEING.
  2442 | D:3      | 2442 ||| FLEEEEING.
  2443 | D:3      | 2443 ||| FLEEEEING.
  2444 | D:3      | 2444 ||| FLEEEEING.
  2445 | D:3      | 2445 ||| FLEEEEING.
  2448 | D:3      | 2448 ||| STAIRDANCE
  2501 | D:3      | HP: 1/26 [orc priest/divine providence (11)]
  2502 | D:3      | 2502 ||| READING 2 scrolls of teleportation.
  2505 | D:3      | Gained mutation: Your magical nature lets you fly swiftly
                  | and evasively. [Tengu growth]
  2505 | D:3      | Reached XP level 5. HP: 1/30 MP: 9/9
  2506 | D:3      | 2506 ||| READING scroll of teleportation.
  2508 | D:3      | Slain by an orc

Levels and vault maps discovered:
D:1:      noname_arrival_rooms_in_the_neighbourhood, layout_basic,
          skrybe_limestone_x, corexii_item_surrounded_by_moat
D:2:      layout_basic
D:3:      layout_basic, gammafunk_temple_overflow_elements,
          shapermc_ecumenical_altar_gd, nrook_loot_triangle

Skill      XL: |  1  2  3  4 |
---------------+-------------+-----
Axes           | 3 4 5 |  5.7
Fighting       | |  2.0
Throwing       | |  1.0
Armour         | |  1.1
Dodging        | |  2.1
Spellcasting   | |  2.0
Translocations | |  2.4

Action                   |  1- 3 |  4- 6 || total
-------------------------+-------+-------++-------
Melee: Hand axe          |    83 |       ||    83
       Kick              |    22 |     9 ||    31
       Peck              |    15 |     7 ||    22
       War axe           |    10 |    41 ||    51
Throw: Boomerang         |     7 |       ||     7
  Use: Scroll            |     3 |     6 ||     9
       Potion            |     1 |     1 ||     2
Armor: Leather armour    |    22 |       ||    22
       Scale mail        |     6 |    12 ||    18
Dodge: Dodged            |    43 |    14 ||    57

Table legend:
 A = Non-vault XP
 B = Vault XP
 C = Vault XP percentage of total XP
 D = Non-vault monster count
 E = Vault monster count
 F = Vault count percentage of total count
                 A         B        C        D         E       F
            +---------+---------+-------+---------+---------+-------
      Total |     193 |       0 |   0.0 |      61 |       0 |   0.0
            +---------+---------+-------+---------+---------+-------
        D:1 |      59 |       0 |   0.0 |      34 |       0 |   0.0
        D:2 |      35 |       0 |   0.0 |      15 |       0 |   0.0
        D:3 |      99 |       0 |   0.0 |      12 |       0 |   0.0
            +---------+---------+-------+---------+---------+-------
